 Dungeon Crawl Stone Soup version 0.27-a0-417-g317cea8a3c (webtiles) character file.

Game seed: 12850301836352485279

17450 wakim the Nimble (level 12, 0/80 HPs)
             Began as an Octopode Transmuter on Feb 25, 2021.
             Was an Elder of Dithmenos.
             Succumbed to a black mamba's poison
             ... on level 3 of the Lair of Beasts.
             The game lasted 01:11:11 (17985 turns).

wakim the Nimble (Octopode Transmuter)             Turns: 17985, Time: 01:11:12

Health: 0/80       AC:  2    Str: 17    XL:     12   Next: 48%
Magic:  1/20       EV: 22    Int: 16    God:    Dithmenos [****..]
Gold:   840        SH:  0    Dex: 21    Spells: 16/22 levels left

rFire    . . .     SeeInvis .     - Unarmed
rCold    . . .     Faith    .   (shield currently unavailable)
rNeg     + . .     Spirit   +   G - +1 hat
rPois    .         Reflect  .   D - amulet of guardian spirit
rElec    .         Harm     .   k - +6 ring of strength
rCorr    +         Rampage  .   n - +6 ring of dexterity
Will     .....                  t - ring of positive energy
Stlth    ++++++++..             H - ring of resist corrosion
HPRegen  0.23/turn              (no ring)
MPRegen  0.17/turn              (no ring)
                                (no ring)
                                (no ring)

@: lethally poisoned (0 -> -22), blade tentacles, wreathed by umbra
A: almost no armour, stealthy swim, amphibious, 8 rings, constrict 8, camouflage
1, gelatinous body 1
a: End Transformation, Renounce Religion, Shadow Step


You were on level 3 of the Lair of Beasts.
You worshipped Dithmenos.
Dithmenos was greatly pleased with you.
You had blades for tentacles.
You visited 3 branches of the dungeon, and saw 15 of its levels.

You collected 840 gold pieces.

Inventory:

Hand Weapons
 f - a +4 rapier of venom (melded)
Missiles
 g - 73 poisoned darts (quivered)
 l - 8 atropa-tipped darts
 u - 5 javelins
Armour
 o - a +1 buckler (melded)
 G - a +1 hat (worn)
Magical Staves
 q - a staff of poison
Jewellery
 k - a +6 ring of strength (left scythe-like blade)
 n - a +6 ring of dexterity (right scythe-like blade)
 t - a ring of positive energy (on tentacle)
 D - an amulet of guardian spirit (around mantle)
 H - a ring of resist corrosion (on tentacle)
Wands
 c - a wand of polymorph (11)
 e - a wand of iceblast (20)
 x - a wand of mindburst (8)
 F - a wand of flame (4)
Scrolls
 b - 5 scrolls of teleportation
 h - 7 scrolls of identify
 s - 6 scrolls of amnesia
 v - a scroll of immolation
 y - 2 scrolls of magic mapping
 B - a scroll of enchant weapon
 C - 2 scrolls of fear {unknown}
 I - a scroll of enchant armour
Potions
 a - 5 potions of mutation
 d - 2 potions of magic
 i - 3 potions of might
 j - 4 potions of curing
 m - 2 potions of heal wounds
 p - 6 potions of flight
 r - 2 potions of cancellation {unknown}
 w - 2 potions of haste
 z - 2 potions of lignification {unknown}
 A - a potion of berserk rage {unknown}
 E - a potion of attraction {unknown}
 J - 2 potions of ambrosia {unknown}


   Skills:
 + Level 6.5 Fighting
 + Level 10.0 Dodging
 * Level 8.2 Stealth
 - Level 4.0 Shields
 * Level 9.5 Unarmed Combat
 + Level 5.8 Spellcasting
 - Level 9.4 Transmutations
 - Level 5.0 Evocations


You had 16 spell levels left.
You knew the following spells:

 Your Spells              Type           Power        Failure   Level
a - Beastly Appendage     Tmut           68%          10%         1
b - Blade Hands           Tmut           17%          41%         5

Your spell library contained the following spells:

 Spells                   Type           Power        Failure   Level
 Wereblood                Tmut           34%          11%         2
 Spider Form              Tmut/Pois      9%           36%         3
 Ice Form                 Ice/Tmut       19%          63%         4
 Blink                    Tloc           N/A          65%         2
 Poisonous Vapours        Pois/Air       8%           65%         2
 Conjure Flame            Conj/Fire      4%           80%         3
 Gell's Gravitas          Tloc           2%           80%         3
 Lesser Beckoning         Tloc           2%           80%         3
 Mephitic Cloud           Conj/Pois/Air  4%           80%         3
 Teleport Other           Tloc           4%           80%         3
 Manifold Assault         Tloc           4%           98%         4
 Freezing Cloud           Conj/Ice/Air   2%           100%        6


Dungeon Overview and Level Annotations

Branches:
Dungeon (11/15)            Temple (1/1) D:5            Lair (3/6) D:11
  Swamp (0/4) Lair:2          Orc (0/2) D:10
  Snake: Lair:2-4    Spider: Lair:2-4

Altars:
Ashenzari
Cheibriados
Dithmenos
Elyvilon
Fedhas
Gozag
Hepliaklqana
Kikubaaqudgha
Makhleb
Nemelex Xobeh
Okawaru
Qazlal
Ru
Sif Muna
Trog
Uskayaw
Vehumet
Wu Jian
Xom
Yredelemnul
Zin
The Shining One

Shops:
D:11 ?

Annotations:
D:7 2 transporters, gruber's ghost, novice GnFi
D:9 exclusion: door
Lair:2 2 exclusions


Innate Abilities, Weirdness & Mutations

You cannot wear most types of armour.
You are very stealthy in the water. (Stealth+)
You are amphibious.
You can wear up to eight rings at the same time.
You can use your tentacles to constrict eight enemies at once.
Your skin changes colour to match your surroundings (Stealth+).
Your rubbery body absorbs attacks. (AC +1, EV +1)


Message History

The black mamba bites you.
You are poisoned.
The black mamba poisons you!
A seven-headed hydra comes into view.
Your Dodging skill increases to level 10!
You slice the black mamba!! Your grab misses the black mamba.
The black mamba is severely wounded.
You feel sick. The black mamba completely misses you.
You feel sick.
You feel sick.
You feel sick.
You feel sick.
You see here a blink frog corpse.
Your tentacles revert to their normal proportions.
Your +4 rapier of venom unmelds from your body.
Your +1 buckler unmelds from your body.
Your +4 rapier of venom begins to drip with poison!
You feel sick.
Aiming: Polymorph
Press: ? - help, Shift-Dir - straight line, f - seven-headed hydra
Aim: a seven-headed hydra (umbra, will become an alligator, a tyrant leech, or a spark wasp, chance to affect: 26%)
The seven-headed hydra evaporates and reforms as a spark wasp!
You feel sick. The spark wasp barely misses you.
Casting: Blade Hands (dangerous; 8% risk of failure)
Confirm with . or Enter, or press ? or * to list all spells.
Your tentacles turn into razor-sharp scythe blades.
Your +4 rapier of venom melds into your body.
Your +1 buckler melds into your body.
Your +4 rapier of venom stops dripping with poison.
You feel sick. The black mamba bites you!! The spark wasp stings you!!
* * * LOW HITPOINT WARNING * * *
The spark wasp shocks you!
* * * LOW HITPOINT WARNING * * *
The black mamba bites you!
* * * LOW HITPOINT WARNING * * *
You are more poisoned.
The black mamba poisons you! The spark wasp barely misses you.
You barely miss the spark wasp. Your grab misses the spark wasp.
You squeeze the spark wasp, but do no damage.
You die...

. .♣
#♣♣♣.♣#...
#........♣
#♣.♣♣♣#...
♣..♣♣
♣.≈.♣#
♣yS..#
♣@≈♣.#
♣....#
♣♣.♣♣# #.#
♣.♣♣ ♣♣.♣
♣♣.♣♣
#♣..♣♣
#.♣♣.♣#


You could see a spark wasp and a black mamba.

Vanquished Creatures
  2 two-headed ogres
  Pikel (D:7)
  A cyclops (D:11)
  2 black mambas (Lair:2)
  4 cane toads
  A gargoyle (D:10)
  2 komodo dragons (Lair:3)
  A rime drake (Lair:2)
  A kobold demonologist (D:11)
  Maggie (D:8)
  An efreet (D:11)
  A tengu conjurer (D:11)
  A polar bear (Lair:3)
  2 trolls
  A hornet (D:7)
  4 slime creatures
  A blink frog (Lair:3)
  3 wyverns
  Eustachio (D:5)
  A wraith (D:10)
  A water elemental (D:11)
  2 yaks (Lair:3)
  A fire elemental (D:11)
  3 basilisks
  A steam dragon (Lair:3)
  4 vampire mosquitoes (Lair:2)
  7 water moccasins
  An ice beast (D:7)
  4 orc warriors
  2 sky beasts
  3 black bears
  A necrophage (D:10)
  An eye of draining (D:10)
  16 wolves
  7 centaurs
  3 ogres
  2 phantoms
  3 kobold brigands
  12 bullfrogs
  3 scorpions
  10 wights
  7 howler monkeys
  3 electric eels
  A crimson imp (D:7)
  4 lava snakes (D:11)
  A bullfrog zombie (D:6)
  2 centaur zombies
  A quasit (D:7)
  3 hounds
  A bullfrog skeleton (D:5)
  2 orc priests
  A jelly (D:6)
  2 iguanas
  Ijyb (D:5)
  2 worker ants
  8 orc wizards
  A hound zombie (D:6)
  A hound skeleton (D:6)
  4 gnolls (D:11)
  16 adders
  A shadow imp (D:9)
  2 white imps (D:6)
  An ufetubus (D:4)
  2 adder zombies
  5 worms
  3 dart slugs
  2 leopard geckos
  22 orcs
  9 giant cockroaches
  13 hobgoblins
  9 jackals
  16 kobolds
  3 quokkas
  3 ball pythons (D:1)
  9 bats
  7 frilled lizards
  7 goblins
  10 rats
304 creatures vanquished.

Vanquished Creatures (others)
  An electric eel (D:11)
  A kobold (D:11)
  A fungus (Lair:3)
  16 plants (Lair:3)
19 creatures vanquished.

Grand Total: 323 creatures vanquished

Notes
Turn   | Place    | Note
-------+----------+-------------------------------------------
     0 | D:1      | wakim the Octopode Transmuter began the quest for the Orb.
     0 | D:1      | Reached XP level 1. HP: 13/13 MP: 3/3
   144 | D:1      | Reached XP level 2. HP: 16/18 MP: 3/5
   558 | D:1      | Reached XP level 3. HP: 23/23 MP: 4/6
  1240 | D:2      | Reached skill level 3 in Dodging
  1240 | D:2      | Reached skill level 1 in Stealth
  1240 | D:2      | Reached XP level 4. HP: 16/28 MP: 5/7
  2589 | D:3      | Reached XP level 5. HP: 33/33 MP: 8/8
  3748 | D:4      | Reached XP level 6. HP: 38/38 MP: 7/10
  3817 | D:4      | Reached skill level 4 in Dodging
  3817 | D:4      | Reached skill level 1 in Shields
  4150 | D:5      | Entered Level 5 of the Dungeon
  4484 | D:5      | Found a stormy altar of Qazlal.
  4489 | D:5      | Noticed a sky beast
  4511 | D:5      | Noticed Eustachio
  4521 | D:5      | Killed Eustachio
  4522 | D:5      | Reached XP level 7. HP: 43/43 MP: 11/11
  4564 | D:5      | Found a staircase to the Ecumenical Temple.
  4581 | Temple   | Entered the Ecumenical Temple
  4626 | Temple   | Became a worshipper of Dithmenos the Shadowed
  5370 | D:5      | Found a white marble altar of Elyvilon.
  5375 | D:5      | Noticed Ijyb
  5387 | D:5      | Killed Ijyb
  6173 | D:6      | Found a shimmering altar of Xom.
  6173 | D:6      | Found a shimmering blue altar of Sif Muna.
  6173 | D:6      | Found a basalt altar of Yredelemnul.
  6173 | D:6      | Found a broken altar of Ashenzari.
  6185 | D:5      | Reached skill level 5 in Dodging
  6185 | D:5      | Reached skill level 1 in Evocations
  6262 | D:5      | Reached XP level 8. HP: 25/48 MP: 13/13
  6590 | D:6      | Reached skill level 6 in Dodging
  7176 | D:6      | Reached skill level 5 in Transmutations
  7208 | D:6      | Reached * piety under Dithmenos
  7257 | D:6      | Found an ancient bone altar of Kikubaaqudgha.
  7312 | D:6      | Reached XP level 9. HP: 56/56 MP: 15/15
  7701 | D:7      | Found a sparkling altar of Nemelex Xobeh.
  7745 | D:7      | Noticed a hornet
  7754 | D:7      | Killed a hornet
  7904 | D:7      | Noticed Pikel
  8004 | D:7      | Found a radiant altar of Vehumet.
  8005 | D:7      | Found a burning altar of Makhleb.
  8220 | D:7      | Found a transporter.
  8220 | D:7      | Found a transporter.
  8220 | D:7      | Noticed gruber's ghost (novice GnFi)
  8254 | D:7      | Noticed a hornet
  8465 | D:7      | Reached skill level 5 in Evocations
  8506 | D:7      | Identified a blackened leather armour
  8581 | D:7      | Killed Pikel
  8582 | D:7      | Reached skill level 7 in Dodging
  8720 | D:8      | Found a bloodstained altar of Trog.
  8807 | D:8      | Found an opulent altar of Gozag.
  8857 | D:8      | Found a sparkling altar of Nemelex Xobeh.
  8878 | D:8      | Noticed a two-headed ogre
  8915 | D:8      | Killed a two-headed ogre
  8916 | D:8      | Reached skill level 8 in Dodging
  8916 | D:8      | Reached XP level 10. HP: 42/63 MP: 15/17
  9106 | D:8      | Reached ** piety under Dithmenos
  9236 | D:8      | Noticed Maggie
  9265 | D:8      | Killed Maggie
  9349 | D:8      | Reached skill level 5 in Spellcasting
  9447 | D:9      | Noticed a two-headed ogre
  9476 | D:9      | Killed a two-headed ogre
  9477 | D:9      | Reached skill level 5 in Unarmed Combat
  9745 | D:9      | Found an ornate altar of the Wu Jian Council.
 10005 | D:9      | Noticed a catoblepas
 10132 | D:10     | Entered Level 10 of the Dungeon
 10349 | D:10     | Noticed a gargoyle
 10671 | D:10     | Found a staircase to the Orcish Mines.
 11504 | D:10     | Reached XP level 11. HP: 60/70 MP: 18/18
 11510 | D:10     | Learned a level 5 spell: Blade Hands
 12290 | D:11     | Reached skill level 5 in Fighting
 12436 | D:11     | Reached *** piety under Dithmenos
 13110 | D:11     | Found Kaafeoce's Magic Scroll Boutique.
 13766 | D:11     | Reached skill level 9 in Dodging
 14295 | D:11     | Noticed a cyclops
 14305 | D:11     | Killed a cyclops
 14372 | D:11     | Found a staircase to the Lair.
 14958 | Lair:1   | Entered Level 1 of the Lair of Beasts
 16157 | Lair:2   | Found a staircase to the Swamp.
 16233 | Lair:2   | Reached skill level 5 in Stealth
 16333 | Lair:2   | Noticed a fire dragon
 16764 | Lair:2   | Reached **** piety under Dithmenos
 16814 | Lair:2   | Reached XP level 12. HP: 79/79 MP: 19/19
 17976 | Lair:3   | Noticed a seven-headed hydra
 17977 | Lair:3   | Reached skill level 10 in Dodging
 17983 | Lair:3   | Noticed a spark wasp
 17983 | Lair:3   | a seven-headed hydra changed into a spark wasp
 17984 | Lair:3   | HP: 2/80 [black mamba (14)]
 17985 | Lair:3   | Succumbed to a black mamba's poison

Illustrated notes

Levels and vault maps discovered:
D:1:      eino_arrival_water_star, layout_basic
D:2:      layout_rooms
D:3:      layout_loops_ring, grunt_ministairs_12, minmay_diced_spiral
D:4:      layout_cave_pools, minmay_misc_feat_nine_boxes
D:5:      layout_basic, grunt_qazlal_sundering, elyvilon_altar_3,
          minmay_temple_entry_glass, uniq_ijyb, uniq_eustachio
D:6:      layout_cave_pools, lemuel_round_altar, grunt_temple_overflow_open
D:7:      layout_loops_ring, grunt_temple_overflow_lords_of_destruction,
          overflow_temple_1_default, gammafunk_ghost_hive, uniq_pikel
D:8:      layout_rooms, trog_ov_bears_minmay, lemuel_doored_altar, basic_altar,
          minivault_21, uniq_maggie
D:9:      minmay_shrinking_squares, layout_basic, kennysheep_mini_moat
D:10:     layout_cave_pods, orc_0_dummy, due_unseen_surprise
D:11:     layout_big_octagon, erik_lair_island, serial_shops, kennysheep_mini
Temple:   jpeg_temple_island
Lair:1:   layout_hall_layers, ldierk_geyser, serial_bayou_shore_a
Lair:2:   dragon1_lemuel, layout_small_grid, minmay_swamp_entry_swarm,
          serial_bayou_pond_d
Lair:3:   nzn_winding_woodlands_huge [nzn_winding_woodlands_5x15_sidewinder,
          nzn_winding_woodlands_5x15_parted,
          nzn_winding_woodlands_5x15_split_checker,
          nzn_winding_woodlands_5x15_sawtooth,
          nzn_winding_woodlands_5x15_garden, nzn_winding_woodlands_5x15_pool,
          nzn_winding_woodlands_5x15_cabin, nzn_winding_woodlands_5x15_crooked,
          nzn_winding_woodlands_5x15_pathside_ponds,
          nzn_winding_woodlands_5x15_concentric,
          nzn_winding_woodlands_center_triple_pond,
          nzn_winding_woodlands_center_garden,
          nzn_winding_woodlands_15x15_thick_spiral], layout_regular_city,
          beast_lair_carwin_10, minmay_lair_oklob_chamber

Skill      XL: |  1  2  3  4  5  6  7  8  9 10 11 12 |
---------------+-------------------------------------+-----
Dodging        | 3 4 5 6 8 9 10 | 10.0
Stealth        | 1 2 3 4 6 8 |  8.2
Transmutations | 3 4 5 7 8 9 |  9.4
Shields        | 1 2 4 |  4.0
Spellcasting   | 3 4 5 |  5.8
Evocations     | 2 3 5 |  5.0
Fighting       | 3 4 6 |  6.5
Unarmed Combat | 4 6 8 9 |  9.5

Action                   |  1- 3 |  4- 6 |  7- 9 | 10-12 || total
-------------------------+-------+-------+-------+-------++-------
Melee: Spear             |    85 |    17 |       |       ||   102
       Constrict         |    26 |    35 |    38 |    67 ||   166
       Unarmed           |     4 |       |     5 |   160 ||   169
       Tentacles         |    12 |    20 |    42 |   106 ||   180
       Kick              |    17 |    24 |    49 |    49 ||   139
       Punch             |     1 |     2 |     3 |    21 ||    27
       Dagger            |       |    91 |       |       ||    91
       Rapier            |       |    15 |   110 |   199 ||   324
Throw: Dart              |       |    89 |    54 |    75 ||   218
       Stone             |       |     1 |       |       ||     1
       Javelin           |       |       |    20 |    12 ||    32
 Cast: Beastly Appendage |    19 |    35 |    36 |    23 ||   113
       Blade Hands       |       |       |       |    41 ||    41
Invok: Shadow Step       |       |       |       |     1 ||     1
Evoke: Wand              |       |       |     8 |     4 ||    12
  Use: Potion            |     4 |       |       |     1 ||     5
       Scroll            |       |     3 |     9 |     2 ||    14
 Stab: Sleeping          |     7 |     8 |     4 |    12 ||    31
       Distracted        |       |       |       |     2 ||     2
Armor: Skin              |     7 |     4 |     4 |     2 ||    17
Dodge: Dodged            |    41 |    72 |    74 |   318 ||   505
Block: Buckler           |       |     8 |    24 |    56 ||    88

Table legend: (Time is in decaauts)
 A = Elapsed time spent in this place.
 B = Non-inter-level travel time spent in this place.
 C = Inter-level travel time spent in this place.
 D = Time resting spent in this place.
 E = Time spent auto-exploring this place.
 F = Levels seen in this place.
 G = Mean time per level.
                   A        B        C        D        E       F      G
               +--------+--------+--------+--------+--------+-----+--------+
         Total |  18090 |  17604 |    486 |   6419 |   7595 |  15 | 1206.0 |
       Dungeon |  14618 |  14202 |    416 |   5777 |   5400 |  11 | 1328.9 |
        Temple |    447 |    415 |     32 |      0 |    398 |   1 |  447.0 |
          Lair |   3024 |   2986 |     38 |    642 |   1797 |   3 | 1008.0 |
               +--------+--------+--------+--------+--------+-----+--------+

Top non-repeatable levels by time:
    D:10: 2820 daAuts
    D:11: 2042 daAuts
     D:5: 1988 daAuts
     D:1: 1581 daAuts
  Lair:2: 1266 daAuts
  Lair:1: 1165 daAuts
     D:6: 1074 daAuts
     D:3: 1071 daAuts
     D:7: 1044 daAuts
     D:2: 970 daAuts
     D:9: 740 daAuts
     D:8: 738 daAuts
  Lair:3: 592 daAuts
     D:4: 545 daAuts
  Temple: 447 daAuts
